 Dungeon Crawl Stone Soup version 0.20.1-1-g8b1a95d (webtiles) character file.

1146 Lejonmanen the Changer (level 8, 0/85 HPs)
             Began as a Merfolk Transmuter on Nov 12, 2017.
             Succumbed to a scorpion's poison
             ... on level 6 of the Dungeon on Dec 10, 2017.
             The game lasted 02:07:20 (7648 turns).

Lejonmanen the Changer (Merfolk Transmuter)         Turns: 7648, Time: 02:07:20

Health: 0/85       AC:  6    Str: 15 (17) XL:     8   Next: 38%
Magic:  14/14      EV: 14    Int: 11 (12) God:
Gold:   144        SH:  0    Dex: 13 (15) Spells: 7/15 levels left

rFire    . . .     SeeInvis .   a - +3 flail
rCold    . . .     Gourm    +   (no shield)
rNeg     . . .     Faith    .   w - +1 robe
rPois    .         Spirit   .   (helmet restricted)
rElec    .         Reflect  .   (no cloak)
rCorr    .         Harm     .   z - +0 pair of gloves
MR       .....                  (no boots)
Stlth    ..........             H - amulet of the gourmand
Regen    0.3/turn               N - ring of stealth
MPRegen  0.2/turn               o - ring of stealth

@: berserking, lethally poisoned (0 -> -17), flying, hasted, very quick
A: change form in water, swift swim, stealthy swim, antennae 1, molten scales 1,
blurry vision 1, deterioration 1, evolution 1
a: no special abilities


You were on level 6 of the Dungeon.
You were near starving.

You visited 1 branch of the dungeon, and saw 6 of its levels.

You collected 144 gold pieces.

Inventory:

Hand Weapons
 a - a +3 flail (weapon)
 b - a +0 hunting sling
 h - a +1 short sword
 j - a +0 dagger of speed
 T - a +2 dagger of draining
Missiles
 e - 8 sling bullets
 J - 169 stones (quivered)
 L - a throwing net
 M - 41 arrows
Armour
 g - the +4 shield of Odocuyhapn {*Contam Regen+ Str+8 Dex-4}
   (You found it on level 4 of the Dungeon)

   It affects your strength (+8).
   It affects your dexterity (-4).
   It causes magical contamination when unequipped.
   It increases your rate of regeneration.
 w - a +1 robe (worn)
 z - a +0 pair of gloves (worn)
Jewellery
 o - a ring of stealth (right hand)
 p - an uncursed ring of flight
 H - an amulet of the gourmand (around neck)
 N - a ring of stealth (left hand)
Wands
 i - a wand of paralysis (8/24)
 C - a wand of paralysis (6/24)
 D - a wand of iceblast (0/15)
 V - a wand of acid (0/15)
Scrolls
 f - a scroll of fear
 l - 2 scrolls of enchant weapon
 m - a scroll of random uselessness
 r - 8 scrolls of identify
 y - a scroll of recharging {unknown}
 B - a scroll of amnesia {unknown}
 F - 2 scrolls of enchant armour
 G - 5 scrolls of teleportation
 R - 2 scrolls of remove curse
 S - a scroll of magic mapping
Potions
 s - a potion of berserk rage
 t - 2 potions of invisibility
Books
 c - a book of Changes

   Spells                             Type                      Level
   a - Beastly Appendage              Transmutation                1
   b - Sticks to Snakes               Transmutation                2
   c - Spider Form                    Transmutation/Poison         3
   d - Ice Form                       Ice/Transmutation            4
   e - Blade Hands                    Transmutation                5
 k - a book of Frost

   Spells                             Type                      Level
   a - Freeze                         Ice                          1
   b - Throw Frost                    Conjuration/Ice              2
   c - Ozocubu's Armour               Charms/Ice                   3
   d - Throw Icicle                   Conjuration/Ice              4
   e - Summon Ice Beast               Ice/Summoning                4
 q - a book of Debilitation

   Spells                             Type                      Level
   a - Corona                         Hexes                        1
   b - Slow                           Hexes                        2
   c - Inner Flame                    Hexes/Fire                   3
   d - Portal Projectile              Hexes/Translocation          3
   e - Cause Fear                     Hexes                        4
   f - Leda's Liquefaction            Hexes/Earth                  4
Comestibles
 d - 4 bread rations
 n - 5 royal jellies
 u - 2 meat rations
 v - 2 fruits


   Skills:
 + Level 2.6 Fighting
 + Level 3.1 Short Blades
 + Level 2.2 Maces & Flails
 + Level 1.6(1.7) Slings
 + Level 0.8(1.5) Throwing
 + Level 4.1 Dodging
 + Level 3.4 Stealth
 + Level 4.1 Unarmed Combat
 + Level 4.4 Spellcasting
 + Level 1.0 Hexes
 + Level 5.5 Transmutations
 + Level 1.2 Ice Magic
 + Level 1.2 Poison Magic
 + Level 0.6 Evocations


You had 7 spell levels left.
You knew the following spells:

 Your Spells              Type           Power        Failure   Level  Hunger
a - Freeze                Ice            #...         14%         1    #......
b - Beastly Appendage     Tmut           ##....       2%          1    #......
c - Corona                Hex            #......      16%         1    #......
d - Sticks to Snakes      Tmut           ##......     3%          2    ##.....
s - Spider Form           Tmut/Pois      #.........   17%         3    ###....


Dungeon Overview and Level Annotations

Branches:
Dungeon (6/15)
 Temple: D:4-7

Altars:
Dithmenos
Fedhas
Kikubaaqudgha
Nemelex Xobeh
Xom
Zin


Innate Abilities, Weirdness & Mutations

You revert to your normal form in water.
You are very nimble and swift while swimming.
You are very stealthy in the water. (Stealth+)
You have a pair of small antennae on your head.
You are partially covered in molten scales. (AC +2)
Scrolls take you a little longer to read.
Your body sometimes deteriorates upon taking damage.
You evolve.


Message History

You feel sick.
Evoke which item? (* to show all) (? for menu, Esc to quit)
Okay, then.
It was a potion of degeneration.
There was something very wrong with that liquid.
You feel weakened.
You feel dopey.
You feel clumsy.
* * * LOW HITPOINT WARNING * * *
You feel sick.
It was a potion of flight.
You feel very buoyant.
You fly up into the air.
* * * LOW HITPOINT WARNING * * *
You feel sick.
You sock the slave!
The slave is moderately wounded.
* * * LOW HITPOINT WARNING * * *
You feel sick. The slave closely misses you.
A red film seems to cover your vision as you go berserk!
You feel yourself moving faster!
You feel mighty!
You die...

#........#
#.....<.[#
#........#
#........## .
#.........# .
#.........## .
#######.#..# .
#######..#.## {
#@pp........#####p
########...>....#.
#####.#....
#...... ####.##
#+#


You could see 2 slaves.

Vanquished Creatures
  An ice beast (D:5)
  A sky beast (D:5)
  3 ogres
  A scorpion (D:6)
  A quasit (D:6)
  2 hounds
  4 orc wizards
  An orc priest (D:3)
  An iguana (D:5)
  A jelly (D:5)
  A bullfrog skeleton (D:6)
  4 worker ants
  6 adders
  2 shadow imps
  An adder skeleton (D:5)
  3 worms
  3 dart slugs (D:2)
  6 leopard geckos
  17 orcs
  3 ball pythons
  9 bats
  6 giant cockroaches
  14 goblins
  11 hobgoblins
  6 jackals (D:1)
  7 kobolds
  2 quokkas
  5 frilled lizards
  A jackal skeleton (D:4)
  2 quokka skeletons
  6 rats
  A fungus (D:1)
132 creatures vanquished.

Vanquished Creatures (collateral kills)
  A centaur skeleton (D:5)
  A worker ant (D:5)
  A shadow imp (D:5)
  An adder skeleton (D:4)
  A quokka zombie (D:5)
5 creatures vanquished.

Vanquished Creatures (others)
  5 dream sheep (D:3)
  A quokka (D:2)
6 creatures vanquished.

Grand Total: 143 creatures vanquished

Notes
Turn   | Place    | Note
-------+----------+-------------------------------------------
     0 | D:1      | Lejonmanen the Merfolk Transmuter began the quest for the Orb.
     0 | D:1      | Reached XP level 1. HP: 15/15 MP: 3/3
   788 | D:1      | Reached XP level 2. HP: 18/21 MP: 3/5
  1107 | D:1      | Reached skill level 3 in Transmutations
  1126 | D:1      | Learned a level 2 spell: Sticks to Snakes
  1199 | D:1      | Reached XP level 3. HP: 10/26 MP: 4/6
  2189 | D:2      | Reached skill level 1 in Short Blades
  2268 | D:3      | Reached XP level 4. HP: 29/32 MP: 7/7
  2314 | D:2      | Found a sparkling altar of Nemelex Xobeh.
  3354 | D:2      | Reached skill level 4 in Transmutations
  3610 | D:3      | Reached XP level 5. HP: 31/37 MP: 6/8
  3763 | D:3      | Noticed a dream sheep
  3763 | D:3      | Noticed a dream sheep
  3763 | D:3      | Noticed a dream sheep
  3763 | D:3      | Noticed a dream sheep
  3763 | D:3      | Noticed a dream sheep
  3763 | D:3      | Found a shimmering altar of Xom.
  3768 | D:3      | Killed a dream sheep
  3769 | D:3      | Killed a dream sheep
  3769 | D:3      | Killed a dream sheep
  3771 | D:3      | Killed a dream sheep
  3771 | D:3      | Killed a dream sheep
  3871 | D:3      | Reached skill level 1 in Stealth
  3969 | D:3      | Learned a level 3 spell: Spider Form
  4493 | D:4      | Reached XP level 6. HP: 44/44 MP: 5/9
  4793 | D:5      | Entered Level 5 of the Dungeon
  5081 | D:4      | Got a jewelled shield
  5087 | D:4      | Identified the +4 shield of Odocuyhapn {*Contam Regen+ Str+8 Dex-4} (You found it on level 4 of the Dungeon)
  5106 | D:4      | Gained mutation: Scrolls take you a little longer to read. [mutagenic glow]
  5258 | D:4      | Learned a level 1 spell: Freeze
  5463 | D:4      | Reached XP level 7. HP: 32/50 MP: 7/12
  5948 | D:5      | Reached skill level 5 in Transmutations
  6013 | D:5      | Learned a level 1 spell: Corona
  6079 | D:5      | Reached skill level 1 in Maces & Flails
  6079 | D:5      | Reached skill level 1 in Ice Magic
  6155 | D:5      | Reached skill level 1 in Slings
  6768 | D:5      | Found a faded altar of an unknown god.
  6768 | D:5      | Found an ancient bone altar of Kikubaaqudgha.
  6773 | D:5      | Found a glowing silver altar of Zin.
  6778 | D:5      | Found a blossoming altar of Fedhas.
  6780 | D:5      | Found a faded altar of an unknown god.
  7073 | D:5      | Reached XP level 8. HP: 57/57 MP: 6/14
  7101 | D:5      | Found a shadowy altar of Dithmenos.
  7143 | D:5      | Reached skill level 1 in Poison Magic
  7371 | D:5      | Reached skill level 1 in Hexes
  7375 | D:5      | Gained mutation: Your body sometimes deteriorates upon taking damage. [mutagenic meat]
  7376 | D:5      | Gained mutation: You have a pair of small antennae on your head. [mutagenic meat]
  7377 | D:5      | Gained mutation: You evolve. [mutagenic meat]
  7378 | D:5      | Gained mutation: You are partially covered in molten scales. (AC +2) [mutagenic meat]
  7646 | D:6      | HP: 2/57 [poisoned by a scorpion]
  7648 | D:6      | Succumbed to a scorpion's poison

Skill      XL: |  1  2  3  4  5  6  7  8 |
---------------+-------------------------+-----
Dodging        | 3 4 |  4.1
Transmutations | 3 4 5 |  5.5
Short Blades   | 1 2 3 |  3.1
Stealth        | 1 2 3 |  3.4
Fighting       | 2 |  2.6
Spellcasting   | 3 4 |  4.4
Maces & Flails | 1 2 |  2.2
Ice Magic      | 1 |  1.2
Slings         | 1 |  1.6
Unarmed Combat | 4 |  4.1
Poison Magic   | 1 |  1.2
Hexes          | 1 |  1.0
Throwing       | |  0.8
Evocations     | |  0.6

Action                   |  1- 3 |  4- 6 |  7- 9 || total
-------------------------+-------+-------+-------++-------
Melee: Unarmed           |    25 |    36 |    22 ||    83
       Club              |    14 |       |       ||    14
       Short sword       |    88 |   148 |       ||   236
       Punch             |     2 |     3 |     2 ||     7
       Headbutt          |    13 |    18 |       ||    31
       Flail             |       |    12 |   105 ||   117
 Fire: Hunting sling     |       |     4 |    33 ||    37
Throw: Stone             |    15 |     6 |     5 ||    26
 Cast: Beastly Appendage |    22 |    21 |     3 ||    46
       Spider Form       |       |     7 |     4 ||    11
       Sticks to Snakes  |       |     3 |     7 ||    10
       Freeze            |       |     4 |    13 ||    17
       Corona            |       |       |    23 ||    23
 Abil: Evoke Flight      |     1 |       |       ||     1
       End Transformatio |       |     3 |     3 ||     6
Evoke: Wand              |       |     6 |     5 ||    11
  Use: Scroll            |     3 |    11 |     1 ||    15
       Potion            |       |     2 |     6 ||     8
 Stab: Sleeping          |       |     6 |     1 ||     7
       Paralysed         |       |     5 |     1 ||     6
       Distracted        |       |     1 |       ||     1
  Eat: Chunk             |     5 |    12 |     9 ||    26
       Fruit             |       |       |     2 ||     2
Armor: Robe              |    17 |    24 |    29 ||    70
       Skin              |       |     1 |       ||     1
Dodge: Dodged            |    78 |   123 |   111 ||   312
